 Dungeon Crawl Stone Soup version 0.18-a0-1718-g40ea4b6 (webtiles) character file.

93 Kannibalkocken the Skirmisher (level 4, 0/38 HPs)
             Began as a Demonspawn Wanderer on Apr 8, 2016.
             Slain by Natasha (5 damage)
             ... on level 2 of the Dungeon.
             The game lasted 00:04:39 (2105 turns).

Kannibalkocken the Skirmisher (Demonspawn Wanderer) Turns: 2105, Time: 00:04:40

Health: 0/38       AC:  9    Str: 15 (17) XL:     4   Next: 36%
Magic:  7/7        EV:  9    Int: 11 (14) God:
Gold:   144        SH:  0    Dex: 10 (11) Spells: 0 memorised, 7 levels left

rFire  . . .     SeeInvis .     c - +0 spear
rCold  . . .     Gourm    .     a - +2 scale mail
rNeg   . . .     Faith    .     (no shield)
rPois  .         Spirit   .     q - +0 helmet
rElec  .         Dismiss  .     (no cloak)
rCorr  .         Reflect  .     (no gloves)
SustAt .         Harm     .     (no boots)
MR     .....                    (no amulet)
Stlth  ..........               (no ring)
                                k - +3 ring of strength

@: not resistant to hostile enchantments, extremely unstealthy
A: sturdy frame 1
a: no special abilities


You were on level 2 of the Dungeon.
You were not hungry.

You visited 1 branch of the dungeon, and saw 3 of its levels.

You collected 144 gold pieces.

Inventory:

Hand Weapons
 b - a +0 hand axe
 c - a +0 spear (weapon)
Armour
 a - a +2 scale mail (worn)
 q - a +0 helmet (worn)
Jewellery
 k - a +3 ring of strength (left hand)
Scrolls
 e - 4 scrolls of remove curse {unknown}
 f - a scroll of noise {unknown}
 g - a scroll of amnesia {unknown}
 h - 2 scrolls of recharging {unknown}
 j - 2 scrolls of teleportation {unknown}
 l - 3 scrolls of blinking {unknown}
 m - a scroll of fear {unknown}
 n - 2 scrolls of identify {unknown}
 s - a scroll of magic mapping {unknown}
 t - a scroll of random uselessness {unknown}
 v - a scroll of enchant armour {unknown}
Comestibles
 d - 2 bread rations
 o - a meat ration
 r - a beef jerky
 x - 4 fruits
 z - a royal jelly
 A - 3 chunks of flesh


   Skills:
 + Level 4.6 Fighting
 - Level 1.0 Throwing
 - Level 2.6 Armour
 - Level 2.0 Spellcasting
   Level 1.0 Fire Magic
   Level 1.0 Evocations


You had 7 spell levels left.
You didn't know any spells.

Dungeon Overview and Level Annotations

Branches:
Dungeon (3/15)

Altars:
Ru

Annotations:
D:2 Natasha


Innate Abilities, Weirdness & Mutations

Your movements are slightly less encumbered by armour (ER -2).


Message History

Natasha is heavily wounded.
Natasha claws you.
* * * LOW HITPOINT WARNING * * *
The crimson imp closely misses you.
You hit Natasha but do no damage.
Natasha is heavily wounded.
Natasha claws you but does no damage. The crimson imp closely misses you.
You hit Natasha.
Natasha is severely wounded.
Natasha claws you.
* * * LOW HITPOINT WARNING * * *
The crimson imp hits you but does no damage.
You barely miss Natasha.
Natasha is severely wounded.
Natasha barely misses you.
The crimson imp hits you but does no damage.
You hit Natasha.
Natasha is almost dead.
Natasha claws you.
You die...

#.# #.# #..# # #.###.### #..# #
#.......# #..# # #.#####<#
#..####### #.# #.#########
#......... #.# #.........#
####...###### #.#
#.###.....###...#..######
#.#####.##...5h........#.....##
#.†.....#.....@.###............
##.###.#........# ####......###
#.# #........### #..#......
#.###.#.....## ###########...
##...###.).## #......#..#.).
##### ##.## #.###..#..#.## #.#
#.# #.....'..# #)# #.#
#....##### #.# #.# #....)'..#


You could see Natasha and a crimson imp.

Vanquished Creatures
  4 adders (D:2)
  A worm (D:2)
  3 dart slugs
  A giant gecko (D:1)
  8 bats
  3 giant cockroaches
  6 goblins
  5 hobgoblins (D:2)
  A jackal (D:1)
  A quokka (D:2)
  3 ball pythons
  4 giant newts
  A kobold (D:1)
  7 rats
48 creatures vanquished.

Notes
Turn   | Place    | Note
--------------------------------------------------------------
     0 | D:1      | Kannibalkocken the Demonspawn Wanderer began the quest for the Orb.
     0 | D:1      | Kannibalkocken set off with: a +2 scale mail, a +0 hand axe, a +0 spear, a bread ration
     0 | D:1      | Reached XP level 1. HP: 16/16 MP: 3/3
   220 | D:1      | Gained mutation: Your movements are slightly less encumbered by armour (ER -2). [demonic ancestry]
   220 | D:1      | Reached XP level 2. HP: 19/23 MP: 5/5
   439 | D:1      | Reached skill level 3 in Fighting
  1000 | D:2      | Found a sacrificial altar of Ru.
  1050 | D:2      | Reached XP level 3. HP: 22/30 MP: 6/6
  1362 | D:2      | Reached skill level 4 in Fighting
  1565 | D:2      | Reached XP level 4. HP: 20/38 MP: 7/7
  2082 | D:3      | Noticed Natasha
  2105 | D:2      | Slain by Natasha

Vault maps used:
D:1:      dpeg_arrival_rooms_with_view, moated_statue
D:2:      hangedman_ru_absence
D:3:      lemuel_crystal_altar, portal_sewer_entry_c, uniq_natasha, uniq_iyjb,
          uniq_purgy, uniq_grinder

Skill      XL: |  1  2  3 |
---------------+----------+-----
Fighting       | 3 4 |  4.6
Throwing       | |  1.0
Armour         | |  2.6
Spellcasting   | |  2.0
Fire Magic     | |  1.0
Evocations     | |  1.0

Action                   |  1- 3 |  4- 6 || total
-------------------------+-------+-------++-------
Melee: Spear             |   212 |    58 ||   270
  Use: Potion            |       |     5 ||     5
  Eat: Chunk             |     2 |     2 ||     4
